 Dungeon Crawl Stone Soup version 0.21-a0-552-g593960d (webtiles) character file.

28 tidbits the Caller (level 3, -2/25 HPs)
             Began as a Gnoll Summoner on Dec 17, 2017.
             Killed from afar by an orc wizard (6 damage)
             ... with a magic dart
             ... on level 4 of the Dungeon.
             The game lasted 00:03:52 (469 turns).

tidbits the Caller (Gnoll Summoner)                  Turns: 469, Time: 00:03:53

Health: -2/25      AC:  3    Str: 10    XL:     3   Next: 14%
Magic:  5/9        EV: 14    Int: 18    God:
Gold:   55         SH:  0    Dex: 15    Spells: 8/12 levels left

rFire    . . .     SeeInvis .   a - +1 dagger (speed)
rCold    . . .     Gourm    .   (no shield)
rNeg     . . .     Faith    .   B - +0 robe
rPois    .         Spirit   .   (no helmet)
rElec    .         Reflect  .   (no cloak)
rCorr    .         Harm     .   (no gloves)
MR       .....                  F - +0 pair of boots
Stlth    +++.......             (no amulet)
HPRegen  0.08/turn              (no ring)
MPRegen  0.11/turn              (no ring)

@: no status effects
A: distributed training, fangs 1, strong nose
a: no special abilities


You were on level 4 of the Dungeon.
You were not hungry.

You visited 1 branch of the dungeon, and saw 4 of its levels.

You collected 55 gold pieces.

Inventory:

Hand Weapons
 a - a +1 dagger of speed (weapon)
   (You found it on level 1 of the Dungeon)
 j - a +0 short sword
Missiles
 g - 30 sling bullets
Armour
 B - a +0 robe (worn)
 F - a +0 pair of boots (worn)
Scrolls
 f - 4 scrolls of identify {unknown}
 k - a scroll of noise {unknown}
Potions
 d - a potion of heal wounds {unknown}
 e - a potion of agility {unknown}
 h - a potion of might {unknown}
Books
 b - a book of Callings

   Spells                             Type                      Level
   a - Summon Small Mammal            Summoning                    1
   b - Call Imp                       Summoning                    2
   c - Call Canine Familiar           Summoning                    3
   d - Summon Guardian Golem          Hexes/Summoning              3
   e - Summon Lightning Spire         Summoning/Air                4
   f - Summon Ice Beast               Ice/Summoning                4
 m - a book of Maledictions
   (You found it on level 2 of the Dungeon)

   Spells                             Type                      Level
   a - Corona                         Hexes                        1
   b - Ensorcelled Hibernation        Hexes/Ice                    2
   c - Confuse                        Hexes                        3
   d - Tukima's Dance                 Hexes                        3
   e - Dazzling Spray                 Conjuration/Hexes            3
Comestibles
 c - 4 bread rations
 i - a meat ration
 l - a royal jelly


   Skills:
 + Level 0.6 Fighting
 + Level 0.6 Short Blades
 + Level 0.6 Long Blades
 + Level 0.6 Axes
 + Level 0.6 Maces & Flails
 + Level 0.6 Polearms
 + Level 0.6 Staves
 + Level 0.6 Slings
 + Level 0.6 Bows
 + Level 0.6 Crossbows
 + Level 0.6 Throwing
 + Level 0.6 Armour
 + Level 4.5 Dodging
 + Level 4.1 Stealth
 + Level 0.6 Shields
 + Level 0.6 Unarmed Combat
 + Level 5.0 Spellcasting
 + Level 0.4 Conjurations
 + Level 0.4 Hexes
 + Level 0.4 Charms
 + Level 7.1 Summonings
 + Level 0.4 Necromancy
 + Level 0.4 Translocations
 + Level 0.4 Transmutations
 + Level 0.4 Fire Magic
 + Level 0.4 Ice Magic
 + Level 0.4 Air Magic
 + Level 0.4 Earth Magic
 + Level 0.4 Poison Magic
 + Level 0.8 Invocations
 + Level 0.6 Evocations


You had 8 spell levels left.
You knew the following spells:

 Your Spells              Type           Power        Failure   Level  Hunger
a - Summon Small Mammal   Summ           ####         1%          1    None
c - Call Canine Familiar  Summ           ####....     2%          3    ##.....


Dungeon Overview and Level Annotations

Branches:
Dungeon (4/15)
 Temple: D:4-7

Altars:


Innate Abilities, Weirdness & Mutations

Your experience applies equally to all skills.
You have very sharp teeth.
Your uncanny sense of smell can sniff out nearby items.


Message History

Found a bread ration.
Found 9 sling bullets.
c - 3 bread rations (gained 1)
c - 4 bread rations (gained 1)
g - 30 sling bullets (gained 9)
An adder comes into view.
Unknown command.
A goblin comes into view. It is wielding a dagger.
The helpless adder fails to defend itself.
You puncture the adder!
You kill the adder!
Your Spellcasting skill increases to level 5!
You have reached level 3!
Your experience leads to an increase in your attributes!
Increase (S)trength, (I)ntelligence, or (D)exterity?
You feel clever.
Memorise Call Canine Familiar, consuming 3 spell levels and leaving 8?
You start memorising the spell.
You continue memorising. x3
You finish memorising.
Spell assigned to 'b'.
Adjust (i)tems, (s)pells, or (a)bilities?
Adjust which spell? b - Call Canine Familiar Adjust to which letter? c - Call Canine Familiar
Found a short sword.
Found an escape hatch in the ceiling.
You see here a short sword.
Magic restored.
Found 8 gold pieces.
Found a stone staircase leading down.
You now have 55 gold pieces (gained 8).
There is a stone staircase leading down here.
You climb downwards.
There is a stone staircase leading up here.
Found a stone staircase leading up.
Found a royal jelly.
Found a stone staircase leading down.
There is a stone staircase leading up here.
You climb upwards.
There is a stone staircase leading down here.
You climb downwards.
There is a stone staircase leading up here.
A goblin comes into view.
There is a stone staircase leading down here.
You climb downwards.
A quokka skeleton comes into view.
Found a scroll labeled YXTIRUHISO.
There is a stone staircase leading up here.
The helpless quokka skeleton fails to defend itself.
You impale the quokka skeleton!!
You destroy the quokka skeleton!
f - 4 scrolls labeled YXTIRUHISO (gained 1)
An orc wizard comes into view. It is wielding a dagger.
Found a scroll labeled YXTIRUHISO and an iron wand.
Found a stone staircase leading up.
An orc comes into view.
An orc comes into view. It is wielding a whip.
There is a stone staircase leading up here.
An orc wizard comes into view. It is wielding a dagger.
The orc wizard shouts! x2
The orc wizard points at you and mumbles some strange words.
The magic dart hits you!
* * * LOW HITPOINT WARNING * * *
The orc wizard misses you. The orc wizard barely misses you.
You see here a scroll labeled YXTIRUHISO.
Casting: Summon Small Mammal
Confirm with . or Enter, or press ? or * to list all spells.
The orc wizard casts a spell.
The orc wizard blinks!
The orc wizard hits you but does no damage.
The orc wizard hits you with a dagger.
* * * LOW HITPOINT WARNING * * *
Your quokka bites the orc.
Casting: Summon Small Mammal
Confirm with . or Enter, or press ? or * to list all spells.
You don't know that spell.
Casting: Summon Small Mammal
Confirm with . or Enter, or press ? or * to list all spells.
The orc hits you with a whip.
* * * LOW HITPOINT WARNING * * *
The orc wizard casts a spell at you. You resist with significant effort.
Your quokka misses the orc.
Your quokka closely misses the orc wizard.
Your hound barely misses the orc.
You hit the orc.
The orc is heavily wounded.
Your hound bites the orc but does no damage.
The orc barely misses you.
Your quokka bites the orc wizard.
The orc wizard gestures wildly while chanting.
The orc wizard blinks!
Your hound bites the orc wizard.
Your quokka bites the orc wizard.
Your hound bites the orc but does no damage.
Your quokka closely misses the orc.
Your hound closely misses the orc.
The orc wizard mumbles some strange words.
The orc wizard blinks!
There is a stone staircase leading up here.
The orc hits you with a whip.
* * * LOW HITPOINT WARNING * * *
The orc wizard points at you and mumbles some strange words.
The magic dart hits you!
You die...

.# #.# ∆ #.# #.#
##### #.# #.... #.#
#...r#####.#####.#
#..oho.o@.o......#
......######.######
############.#
#....<......#
#.########### ∆ ∆


You could see 2 orc wizards, 2 orcs, a friendly hound and a friendly quokka.

Vanquished Creatures
  An adder (D:2)
  A ball python (D:2)
  A giant cockroach (D:1)
  A goblin (D:1)
  A hobgoblin (D:1)
  4 jackals (D:1)
  A kobold (D:1)
  A bat (D:1)
  A quokka skeleton (D:4)
  A rat (D:1)
13 creatures vanquished.

Vanquished Creatures (collateral kills)
  A goblin (D:2)
  2 hobgoblins (D:1)
  A jackal (D:1)
  3 bats (D:1)
  A rat (D:1)
8 creatures vanquished.

Grand Total: 21 creatures vanquished

Notes
Turn   | Place    | Note
-------+----------+-------------------------------------------
     0 | D:1      | tidbits the Gnoll Summoner began the quest for the Orb.
     0 | D:1      | Reached XP level 1. HP: 13/13 MP: 6/6
   206 | D:1      | Reached XP level 2. HP: 16/19 MP: 5/7
   382 | D:2      | Reached skill level 5 in Spellcasting
   382 | D:2      | Reached XP level 3. HP: 8/25 MP: 7/9
   388 | D:2      | Learned a level 3 spell: Call Canine Familiar
   469 | D:4      | Killed from afar by an orc wizard

Vault maps used:
D:1:      kennysheep_arrival_seaside, serial_co_window_serial,
          co_window_corner_a, co_window_paths_b, co_window_paths_a,
          co_window_paths_a, co_window_corner_a, co_window_corner_b,
          co_window_of_opportunity_c, co_window_unsneaky_path_d,
          co_window_4corner_b, co_window_4corner_a, glass_columns_b,
          glass_columns_b, glass_columns_a, glass_columns_c, serial_bayou_pond_a
D:2:      nicolae_qazlal_general_emergency, chequers_ecumenical_altar_lobes
D:3:      overflow_temple_1_default
D:4:      overflow_temple_1_default, first_bread, nicolae_zen_rock_garden,
          uniq_crazy_yiuf_cottage

Skill      XL: |  1  2 |
---------------+-------+-----
Spellcasting   | 5 |  5.0
Fighting       | |  0.6
Short Blades   | |  0.6
Long Blades    | |  0.6
Axes           | |  0.6
Maces & Flails | |  0.6
Polearms       | |  0.6
Staves         | |  0.6
Slings         | |  0.6
Bows           | |  0.6
Crossbows      | |  0.6
Throwing       | |  0.6
Armour         | |  0.6
Dodging        | |  4.5
Stealth        | |  4.1
Shields        | |  0.6
Unarmed Combat | |  0.6
Conjurations   | |  0.4
Hexes          | |  0.4
Charms         | |  0.4
Summonings     | |  7.1
Necromancy     | |  0.4
Translocations | |  0.4
Transmutations | |  0.4
Fire Magic     | |  0.4
Ice Magic      | |  0.4
Air Magic      | |  0.4
Earth Magic    | |  0.4
Poison Magic   | |  0.4
Invocations    | |  0.8
Evocations     | |  0.6

Action                   || total
-------------------------++-------
Melee: Unarmed           ||    12
       Dagger            ||    47
       Bite              ||     8
 Cast: Summon Small Mamm ||    13
       Call Canine Famil ||     1
 Stab: Distracted        ||     2
       Sleeping          ||     2
Armor: Robe              ||    15
Dodge: Dodged            ||    52

Table legend:
 A = Spawn XP
 B = Non-spawn XP
 C = Spawn XP percentage of total XP
 D = Spawn monster count
 E = Non-spawn monster count
 F = Spawn count percentage of total count
 G = Total turns spent on level
                    A         B        C        D         E        F      G
               +---------+---------+-------+---------+---------+-------+---------
         Total |       0 |      41 |   0.0 |       0 |      21 |   0.0 |   469
               +---------+---------+-------+---------+---------+-------+---------
           D:1 |       0 |      23 |   0.0 |       0 |      17 |   0.0 |   282
           D:2 |       0 |      17 |   0.0 |       0 |       3 |   0.0 |   133
           D:4 |       0 |       1 |   0.0 |       0 |       1 |   0.0 |    23
               +---------+---------+-------+---------+---------+-------+---------

Table legend:
 A = Turns spent in this place as a percentage of turns spent in the entire game.
 B = Non-inter-level travel turns spent in this place as a percentage of non-inter-level travel turns spent in the entire game.
 C = Inter-level travel turns spent in this place as a percentage of turns spent in this place.
 D = Turns resting spent in this place as a percentage of non-inter-level travel turns spent in this place.
 E = Turns spent auto-exploring this place as a percentage of non-inter-level travel turns spent in this place.
 F = Non-inter-level travel turns spent in this place divided by the number of levels of this place that you've seen.
                   A       B       C       D       E      F
               +-------+-------+-------+-------+-------+----------------------
         Total | 100.0 | 100.0 |   0.0 |   0.0 |   0.0 | 117.2
       Dungeon | 100.0 | 100.0 |   0.0 |   0.0 |   0.0 | 117.2
               +-------+-------+-------+-------+-------+----------------------

Table legend:
 A = Kills in this place as a percentage of kills in entire the game.
 B = Kills by you in this place as a percentage of kills by you in the entire game.
 C = Kills by friends in this place as a percentage of kills by friends in the entire game.
 D = Other kills in this place as a percentage of other kills in the entire game.
 E = Experience gained in this place as a percentage of experience gained in the entire game.
 F = Experience gained in this place divided by the number of levels of this place that you have seen.
                   A       B       C       D       E      F
               +-------+-------+-------+-------+-------+----------------------
         Total | 100.0 | 100.0 | 100.0 |   N/A | 100.0 |  10.2
       Dungeon | 100.0 | 100.0 | 100.0 |   N/A | 100.0 |  10.2
               +-------+-------+-------+-------+-------+----------------------

Vault maps used:
D:1:      kennysheep_arrival_seaside, serial_co_window_serial,
          co_window_corner_a, co_window_paths_b, co_window_paths_a,
          co_window_paths_a, co_window_corner_a, co_window_corner_b,
          co_window_of_opportunity_c, co_window_unsneaky_path_d,
          co_window_4corner_b, co_window_4corner_a, glass_columns_b,
          glass_columns_b, glass_columns_a, glass_columns_c, serial_bayou_pond_a
D:2:      nicolae_qazlal_general_emergency, chequers_ecumenical_altar_lobes
D:3:      overflow_temple_1_default
D:4:      overflow_temple_1_default, first_bread, nicolae_zen_rock_garden,
          uniq_crazy_yiuf_cottage
